 Dungeon Crawl Stone Soup version 0.30.0 (webtiles) character file.

Game seed: 972449255893373357

34 sasquatch the Poker (level 3, -4/27 HPs)
             Began as a Demonspawn Gladiator on May 6, 2023.
             Slain by Natasha (5 damage)
             ... on level 2 of the Dungeon.
             The game lasted 00:01:54 (922 turns).

sasquatch the Poker (Demonspawn Gladiator)           Turns: 922, Time: 00:01:54

Health: -4/27      AC:  6    Str: 16    XL:     3   Next: 14%
Magic:  3/3        EV: 11    Int:  9    God:
Gold:   61         SH:  0    Dex: 14    Spells: 2/2 levels left

rFire   . . .        a - +0 trident
rCold   . . .        (no shield)
rNeg    . . .        j - +0 ring mail
rPois   .            c - +0 helmet
rElec   .            (no cloak)
rCorr   .            (no gloves)
SInv    .            (no boots)
Will    .....        (no amulet)
Stlth   +            (no ring)
HPRegen 0.24/turn    (no ring)
MPRegen 0.08/turn

%: no passive effects
@: slowed, very slow
A: foul stench 1
a: no special abilities


You were on level 2 of the Dungeon.
You visited 1 branch of the dungeon, and saw 2 of its levels.

You collected 61 gold pieces.

Inventory:

Hand Weapons
 a - a +0 trident (weapon)
Missiles
 d - 3 throwing nets (quivered)
 e - a javelin
Armour
 c - a +0 helmet (worn)
 j - a +0 ring mail (worn)
Scrolls
 f - 2 scrolls of identify {unknown}
 i - a scroll of magic mapping {unknown}
Potions
 b - a potion of flight {unknown}
 g - a potion of heal wounds {unknown}
 h - a potion of brilliance {unknown}


   Skills:
 - Level 2.0 Fighting
 + Level 3.9 Polearms
 - Level 1.7 Throwing
 - Level 2.6 Dodging


You had 2 spell levels left.
You didn't know any spells.
Your spell library contained the following spells:

 Spells                   Type           Power      Damage    Failure   Level
 Summon Small Mammal      Summ           0%         N/A       61%         1
 Call Canine Familiar     Summ           0%         N/A       93%         3
 Summon Guardian Golem    Hex/Summ       0%         N/A       93%         3


Dungeon Overview and Level Annotations

Branches:
Dungeon (2/15)

Altars:

Shops:
D:1 (

Annotations:
D:2 Natasha


Innate Abilities, Weirdness & Mutations

You may rarely emit foul miasma when damaged in melee.


Message History

You resist with significant effort. The giant cockroach barely misses you.
You puncture the giant cockroach!
You kill the giant cockroach!
Natasha casts a spell.
Press: ? - help, v - describe, . - travel
Here: a cerulean imp, wielding a +1 spear (summoned)
The floor.
Unknown command.
The cerulean imp closely misses you. The cerulean imp barely misses you.
Natasha mumbles some strange words.
The cerulean imp closely misses you.
Natasha mewls in sadness.
Natasha mumbles some strange words.
The cerulean imp hits you from afar with a +1 spear.
The cerulean imp hits you from afar with a +1 spear.
The cerulean imp hits you from afar with a +1 spear.
The cerulean imp barely misses you. Natasha claws you but does no damage.
The cerulean imp hits you from afar with a +2 spear.
The cerulean imp closely misses you.
The cerulean imp hits you with a +0 spear.
Natasha zaps a wand.
The puff of flame hits you.
The cerulean imp hits you but does no damage.
The cerulean imp hits you with a +0 spear.
* * * LOW HITPOINT WARNING * * *
Natasha claws you.
* * * LOW HITPOINT WARNING * * *
The cerulean imp hits you from afar with a +0 spear.
* * * LOW HITPOINT WARNING * * *
The cerulean imp barely misses you.
Unknown command.
The cerulean imp hits you from afar with a +0 spear.
* * * LOW HITPOINT WARNING * * *
Natasha claws you but does no damage.
The cerulean imp hits you but does no damage.
Unknown command.
Unknown command.
Natasha claws you.
You die...

### #.# #.... ....
#.##########....####....
#..>.......+............
###.########...........
###....####..^..........
########).......##†##.##.....#
..[...####.#.##.@.....##.....####
##..#.#......####h5........).....
##..#.#....### ##5.####...#...##
##....#.#### ##.5####.....####
#.......# ######...............#
...#....# #...........#......#.#
#<.#.......#...........#.........
##.#.###.#.#......#+##...##...#..
##.### ...#......#.###.......###


You could see Natasha and 3 cerulean imps.

Vanquished Creatures
  An adder (D:2)
  An endoplasm (D:1)
  4 giant cockroaches
  A hobgoblin (D:1)
  2 kobolds (D:1)
  2 quokkas (D:1)
  A ball python (D:1)
  A frilled lizard (D:1)
  6 goblins
  4 rats
23 creatures vanquished.

Notes
Turn   | Place    | Note
-------+----------+-------------------------------------------
     0 | D:1      | sasquatch the Demonspawn Gladiator began the quest for the
                  | Orb.
     0 | D:1      | Reached XP level 1. HP: 16/16 MP: 1/1
    77 | D:1      | Reached skill level 3 in Polearms
   175 | D:1      | Gained mutation: You may rarely emit foul miasma when
                  | damaged in melee. [demonic ancestry]
   175 | D:1      | Reached XP level 2. HP: 19/22 MP: 2/2
   620 | D:1      | Found Matikiso's Antique Weapon Boutique.
   839 | D:2      | Reached XP level 3. HP: 27/27 MP: 3/3
   905 | D:2      | Noticed Natasha
   920 | D:2      | HP: 1/27 [cerulean imp/+0 spear[Natasha] (5)]
   922 | D:2      | Slain by Natasha

Illustrated notes

Levels and vault maps discovered:
D:1:      minmay_arrival_arboretum_small, layout_basic, serial_shops, shop
D:2:      layout_basic, basic_altar, minmay_tripent, uniq_natasha

Skill      XL: |  1 |
---------------+----+-----
Polearms       | 3 |  3.9
Fighting       | |  2.0
Throwing       | |  1.7
Dodging        | |  2.6

Action                     || total
---------------------------++-------
  Melee: Trident           ||    68
 Armour: Leather armour    ||    12
         Ring mail         ||    11
  Dodge: Dodged            ||    26
